TOP OF THE 1ST |
San Antonio Missions batting - Pitching for El Paso Chihuahuas : RHP Tom Smith
|
Pitching: RHP Tom Smith
|
|
Batting: LHB John Elway
|
0-0: Ball 1-0: Bunt missed! 1-1: Ball 2-1: Ball 3-1: Base on Balls
|
Batting: RHB Amos Lewis
|
0-0: Ball 1-0: Called Strike 1-1: Fly out, F9 (Flyball, 89M, EV 93.1 MPH)
|
Batting: LHB Jerold Johnston
|
0-0: Fly out, F6 (Popup, 6MS, EV 75.6 MPH)
|
Batting: RHB Ed Hearn
|
0-0: Called Strike 0-1: Ball 1-1: Ball 2-1: Foul Ball, location: 2F 2-2: Foul Ball, location: 2F 2-2: Ball John Elway steals 2nd base (no throw) 3-2: Base on Balls
|
Batting: LHB John D Morris
|
0-0: Foul Ball, location: 2F 0-1: Called Strike 0-2: Ball 1-2: Strikes out swinging
|
Top of the 1st over - 0 runs, 0 hits, 0 errors, 2 left on base; San Antonio 0 - El Paso 0 |
BOTTOM OF THE 1ST |
El Paso Chihuahuas batting - Pitching for San Antonio Missions : RHP Gordon Crane
|
Pitching: RHP Gordon Crane
|
|
Batting: LHB Andy Van Slyke
|
0-0: Called Strike 0-1: Ball 1-1: SINGLE (Line Drive, 34D, EV 100.0 MPH)
|
Batting: RHB Julio Acevedo
|
0-0: Called Strike 0-1: Called Strike 0-2: Ball 1-2: SINGLE (Line Drive, 89M, EV 92.5 MPH) Andy Van Slyke to second Runner from 2nd tries for 3rd, SAFE, no throw by RF
|
Batting: RHB Jesse Vann
|
0-0: Called Strike 0-1: Called Strike 0-2: Foul Ball, location: 2F 0-2: Ball 1-2: Ball 2-2: Strikes out looking
|
Batting: RHB Steven Murray
|
0-0: Called Strike 0-1: Foul Ball, location: 2F 0-2: Strikes out swinging
|
Batting: LHB Jerry Littmann
|
0-0: Ball 1-0: Foul Ball, location: 2F 1-1: Ball 2-1: Called Strike 2-2: Fly out, F8 (Line Drive, 8RD, EV 96.9 MPH)
|
Bottom of the 1st over - 0 runs, 2 hits, 0 errors, 2 left on base; San Antonio 0 - El Paso 0 |
TOP OF THE 2ND |
San Antonio Missions batting - Pitching for El Paso Chihuahuas : RHP Tom Smith
|
Pitching: RHP Alejandro Pena
|
|
Batting: RHB Larry Hamilton
|
0-0: Called Strike 0-1: Ground out 5-3 (Groundball, 56, EV 85.0 MPH)
|
Batting: RHB Nerio Guerrero
|
0-0: Ground out 5-3 (Groundball, 56, EV 100.0 MPH)
|
Batting: RHB Leo Hernandez
|
0-0: Ball 1-0: Ball 2-0: Ball 3-0: Swinging Strike 3-1: Called Strike 3-2: Foul Ball, location: 2F 3-2: Foul Ball, location: 2F 3-2: Base on Balls
|
Batting: RHB Houston Jimenez
|
0-0: Called Strike Leo Hernandez steals 2nd, throwing error, E2 Leo Hernandez to third 0-1: Ball 1-1: Ball 2-1: Called Strike 2-2: Foul Ball, location: 2F 2-2: SINGLE (Line Drive, 4MD, EV 96.9 MPH) Leo Hernandez scores
|
Batting: LHB John Elway
|
0-0: Ball 1-0: SINGLE (Groundball, 6S, EV 60.6 MPH) (infield hit) Houston Jimenez to second
|
Batting: RHB Amos Lewis
|
0-0: Swinging Strike 0-1: SINGLE (Line Drive, 34D, EV 106.3 MPH) Houston Jimenez to third John Elway to second Runner from 3rd tries for Home, SAFE, throw by RF to home
|
Batting: LHB Jerold Johnston
|
0-0: Foul Ball, location: 2F 0-1: Ball 1-1: Called Strike 1-2: Foul Ball, location: 2F 1-2: Ball 2-2: Ball 3-2: Foul Ball, location: 2F 3-2: DOUBLE (Flyball, 8RXD, EV 103.8 MPH) John Elway scores Amos Lewis to third Amos Lewis scores
|
Batting: RHB Ed Hearn
|
0-0: Ball 1-0: Ball 2-0: Swinging Strike 2-1: Ball 3-1: Base on Balls
|
Batting: LHB John D Morris
|
0-0: Ball 1-0: Called Strike 1-1: Ball 2-1: Ball 3-1: Swinging Strike 3-2: Base on Balls Jerold Johnston to third Ed Hearn to second
|
Batting: RHB Larry Hamilton
|
0-0: Ball 1-0: Foul Ball, location: 2F 1-1: Ball 2-1: Foul Ball, location: 2F 2-2: Foul Ball, location: 2F 2-2: Ball 3-2: SINGLE (Line Drive, 56D, EV 98.8 MPH) Jerold Johnston scores Ed Hearn to third John D Morris to second Ed Hearn scores John D Morris to third
|
Batting: RHB Nerio Guerrero
|
0-0: Called Strike 0-1: Swinging Strike 0-2: Fly out, F8 (Flyball, 8LM, EV 93.8 MPH)
|
Top of the 2nd over - 6 runs, 5 hits, 1 error, 2 left on base; San Antonio 6 - El Paso 0 |
BOTTOM OF THE 2ND |
El Paso Chihuahuas batting - Pitching for San Antonio Missions : RHP Gordon Crane
|
Batting: RHB Bill Lyons
|
0-0: Foul Ball, location: 2F 0-1: Swinging Strike 0-2: Strikes out swinging
|
Batting: LHB Dan Murphy
|
0-0: Foul Ball, location: 2F 0-1: Ball 1-1: Ball 2-1: Ground out 6-3 (Groundball, 6, EV 80.6 MPH)
|
Batting: RHB Leo George
|
0-0: Swinging Strike 0-1: Foul Ball, location: 2F 0-2: Ball 1-2: Strikes out swinging
|
Bottom of the 2nd over - 0 runs, 0 hits, 0 errors, 0 left on base; San Antonio 6 - El Paso 0 |
TOP OF THE 3RD |
San Antonio Missions batting - Pitching for El Paso Chihuahuas : RHP Alejandro Pena
|
Batting: RHB Leo Hernandez
|
0-0: Ball 1-0: Foul Ball, location: 2F 1-1: Ground out 6-3 (Groundball, 6, EV 78.8 MPH)
|
Batting: RHB Houston Jimenez
|
0-0: Called Strike 0-1: Ball 1-1: Foul Ball, location: 2F 1-2: Ball 2-2: Ball 3-2: Base on Balls
|
Batting: LHB John Elway
|
0-0: Called Strike 0-1: SINGLE (Line Drive, 3L, EV 95.0 MPH) Houston Jimenez to second Runner from 2nd tries for 3rd, SAFE, throw by RF made to third
|
Pitching: RHP Gary Kaczor
|
|
Batting: RHB Amos Lewis
|
0-0: Grounds into double play, 5-4-3 (Groundball, 56, EV 77.5 MPH)
|
Top of the 3rd over - 0 runs, 1 hit, 0 errors, 1 left on base; San Antonio 6 - El Paso 0 |
BOTTOM OF THE 3RD |
El Paso Chihuahuas batting - Pitching for San Antonio Missions : RHP Gordon Crane
|
Batting: RHB William Parmenter
|
0-0: Called Strike 0-1: Ball 1-1: Foul Ball, location: 2F 1-2: Foul Ball, location: 2F 1-2: Ball 2-2: Strikes out swinging
|
Batting: LHB Andy Van Slyke
|
0-0: Swinging Strike 0-1: Foul Ball, location: 2F 0-2: Ball 1-2: Foul Ball, location: 2F 1-2: Fly out, F7 (Flyball, 7LM, EV 85.6 MPH)
|
Batting: RHB Julio Acevedo
|
0-0: Ground out 4-3 (Groundball, 4, EV 77.5 MPH)
|
Bottom of the 3rd over - 0 runs, 0 hits, 0 errors, 0 left on base; San Antonio 6 - El Paso 0 |
TOP OF THE 4TH |
San Antonio Missions batting - Pitching for El Paso Chihuahuas : RHP Gary Kaczor
|
Batting: LHB Jerold Johnston
|
0-0: Foul Ball, location: 2F 0-1: Ball 1-1: Foul Ball, location: 2F 1-2: Fly out, F8 (Flyball, 89D, EV 110.6 MPH)
|
Batting: RHB Ed Hearn
|
0-0: Ball 1-0: TRIPLE (Groundball, 3L, EV 103.1 MPH)
|
Batting: LHB John D Morris
|
0-0: Ball 1-0: Called Strike 1-1: Ball 2-1: Foul Ball, location: 2F 2-2: Ball 3-2: Base on Balls
|
Batting: RHB Larry Hamilton
|
0-0: Ball 1-0: Ball 2-0: Ball 3-0: Called Strike 3-1: Foul Ball, location: 2F 3-2: Base on Balls John D Morris to second
|
Batting: RHB Nerio Guerrero
|
0-0: Ball 1-0: Grounds into double play, 6-4-3 (Groundball, 6S, EV 85.0 MPH)
|
Top of the 4th over - 0 runs, 1 hit, 0 errors, 2 left on base; San Antonio 6 - El Paso 0 |
BOTTOM OF THE 4TH |
El Paso Chihuahuas batting - Pitching for San Antonio Missions : RHP Gordon Crane
|
Batting: RHB Jesse Vann
|
0-0: Called Strike 0-1: Ball 1-1: Swinging Strike 1-2: Strikes out swinging, 2-3 out at first.
|
Batting: RHB Steven Murray
|
0-0: Ball 1-0: Called Strike 1-1: Foul Ball, location: 2F 1-2: Ball 2-2: Ball 3-2: Fly out, F9 (Flyball, 9S, EV 83.1 MPH)
|
Batting: LHB Jerry Littmann
|
0-0: Swinging Strike 0-1: Ball 1-1: Foul Ball, location: 2F 1-2: Ground out 5-3 (Groundball, 56, EV 101.9 MPH)
|
Bottom of the 4th over - 0 runs, 0 hits, 0 errors, 0 left on base; San Antonio 6 - El Paso 0 |
TOP OF THE 5TH |
San Antonio Missions batting - Pitching for El Paso Chihuahuas : RHP Gary Kaczor
|
Batting: RHB Leo Hernandez
|
0-0: Ball 1-0: Swinging Strike 1-1: SINGLE (Line Drive, 4MD, EV 99.4 MPH)
|
Batting: RHB Houston Jimenez
|
0-0: Ball 1-0: Fly out, F9 (Line Drive, 9, EV 99.4 MPH)
|
Batting: LHB John Elway
|
0-0: Ball 1-0: Fielders Choice at 2nd, 4-6 (Groundball, 4, EV 90.0 MPH)
|
Batting: RHB Amos Lewis
|
0-0: Fly out, F8 (Flyball, 8RS, EV 88.8 MPH)
|
Top of the 5th over - 0 runs, 1 hit, 0 errors, 1 left on base; San Antonio 6 - El Paso 0 |
BOTTOM OF THE 5TH |
El Paso Chihuahuas batting - Pitching for San Antonio Missions : RHP Gordon Crane
|
Batting: RHB Bill Lyons
|
0-0: Called Strike 0-1: Ball 1-1: Foul Ball, location: 2F 1-2: Ball 2-2: Strikes out swinging
|
Batting: LHB Dan Murphy
|
0-0: Called Strike 0-1: SINGLE (Line Drive, 9S, EV 97.5 MPH)
|
Batting: RHB Leo George
|
0-0: Called Strike 0-1: Ball 1-1: Ball 2-1: Grounds into double play, 4-6-3 (Groundball, 34, EV 81.9 MPH)
|
Bottom of the 5th over - 0 runs, 1 hit, 0 errors, 0 left on base; San Antonio 6 - El Paso 0 |
TOP OF THE 6TH |
San Antonio Missions batting - Pitching for El Paso Chihuahuas : RHP Gary Kaczor
|
Batting: LHB Jerold Johnston
|
0-0: Ball 1-0: Ball 2-0: Swinging Strike 2-1: Foul Ball, location: 2F 2-2: Ball 3-2: Base on Balls
|
Batting: RHB Ed Hearn
|
0-0: Foul Ball, location: 2F 0-1: SINGLE (Flyball, 6D, EV 91.9 MPH) Jerold Johnston to second
|
Batting: LHB John D Morris
|
0-0: Called Strike 0-1: Called Strike 0-2: Foul Ball, location: 2F 0-2: Ball 1-2: Foul Ball, location: 2F 1-2: Ball 2-2: Foul Ball, location: 2F 2-2: Ball 3-2: Foul Ball, location: 2F 3-2: SINGLE (Flyball, 7S, EV 95.6 MPH) Jerold Johnston to third Ed Hearn to second Runner from 3rd tries for Home, SAFE, throw by LF to home
|
Batting: RHB Larry Hamilton
|
0-0: Ball Wild Pitch! Ed Hearn to third John D Morris to second 1-0: Ball 2-0: Swinging Strike 2-1: Ball 3-1: Base on Balls
|
Batting: RHB Nerio Guerrero
|
0-0: Foul Ball, location: 2F 0-1: Ball 1-1: Foul Ball, location: 2F 1-2: Ball 2-2: SINGLE (Groundball, 56D, EV 100.6 MPH) Ed Hearn scores John D Morris to third Larry Hamilton to second Runner from 3rd tries for Home, SAFE, throw by LF to home
|
Batting: RHB Leo Hernandez
|
0-0: Ball 1-0: Ball 2-0: Ball 3-0: Fly out, F8 (Flyball, 8LD, EV 105.0 MPH)
|
Pitching: RHP Manuel Adams
|
|
Batting: RHB Houston Jimenez
|
0-0: Ball 1-0: Ball 2-0: Swinging Strike 2-1: Foul Ball, location: 2F 2-2: Foul Ball, location: 2F 2-2: SINGLE (Line Drive, 6D, EV 98.1 MPH) Larry Hamilton to third Nerio Guerrero to second
|
Batting: LHB John Elway
|
0-0: Ball 1-0: Fly out, F3 (Popup, 23F, EV 82.5 MPH)
|
Batting: RHB Amos Lewis
|
0-0: Fly out, F9 (Flyball, 89M, EV 96.3 MPH)
|
Top of the 6th over - 3 runs, 4 hits, 0 errors, 3 left on base; San Antonio 9 - El Paso 0 |
BOTTOM OF THE 6TH |
El Paso Chihuahuas batting - Pitching for San Antonio Missions : RHP Gordon Crane
|
Batting: RHB William Parmenter
|
0-0: Fly out, F9 (Flyball, 89D, EV 91.9 MPH)
|
Batting: LHB Andy Van Slyke
|
0-0: SOLO HOME RUN (Flyball, 9LD, EV 99.4 MPH), Distance : 349 ft
|
Batting: RHB Julio Acevedo
|
0-0: Ground out 6-3 (Groundball, 6S, EV 67.5 MPH)
|
Batting: RHB Jesse Vann
|
0-0: Foul Ball, location: 2F 0-1: Ball 1-1: Foul Ball, location: 2F 1-2: Ball 2-2: Fly out, F8 (Flyball, 8LD, EV 91.3 MPH)
|
Bottom of the 6th over - 1 run, 1 hit, 0 errors, 0 left on base; San Antonio 9 - El Paso 1 |
TOP OF THE 7TH |
San Antonio Missions batting - Pitching for El Paso Chihuahuas : RHP Manuel Adams
|
Batting: LHB Jerold Johnston
|
0-0: Ball 1-0: Ball 2-0: Called Strike 2-1: Foul Ball, location: 2F 2-2: Ball 3-2: SINGLE (Line Drive, 89S, EV 95.6 MPH)
|
Batting: RHB Ed Hearn
|
0-0: Foul Ball, location: 2F 0-1: Ball 1-1: SINGLE (Flyball, 56D, EV 95.0 MPH) Jerold Johnston to second
|
Batting: LHB John D Morris
|
0-0: Ball 1-0: Ball 2-0: Ball 3-0: Base on Balls Jerold Johnston to third Ed Hearn to second
|
Batting: RHB Larry Hamilton
|
0-0: Ball 1-0: Ball 2-0: Ball 3-0: Base on Balls Jerold Johnston scores Ed Hearn to third John D Morris to second
|
Batting: RHB Nerio Guerrero
|
0-0: Ball 1-0: Swinging Strike 1-1: Fly out, F9 (Flyball, 9LS, EV 85.0 MPH)
|
Batting: RHB Leo Hernandez
|
0-0: Called Strike 0-1: Ball 1-1: Ball 2-1: Fly out, F9 (Flyball, 9D, EV 102.5 MPH) Runner from 3rd tags up, SCORES, no throw by RF
|
Batting: RHB Houston Jimenez
|
0-0: Ball 1-0: Ball 2-0: Ball 3-0: Called Strike 3-1: SINGLE (Line Drive, 9S, EV 96.9 MPH) John D Morris to third Larry Hamilton to second Runner from 3rd tries for Home, SAFE, throw by RF to home
|
Batting: LHB John Elway
|
0-0: Ball Wild Pitch! Larry Hamilton to third Houston Jimenez to second 1-0: Ball 2-0: Swinging Strike 2-1: Fly out, F9 (Flyball, 9, EV 94.4 MPH)
|
Top of the 7th over - 3 runs, 3 hits, 0 errors, 2 left on base; San Antonio 12 - El Paso 1 |
BOTTOM OF THE 7TH |
El Paso Chihuahuas batting - Pitching for San Antonio Missions : RHP Gordon Crane
|
Batting: RHB Steven Murray
|
0-0: Swinging Strike 0-1: Ball 1-1: Fly out, F9 (Flyball, 9S, EV 97.5 MPH)
|
Batting: LHB Jerry Littmann
|
0-0: Foul Ball, location: 2F 0-1: Ground out 4-3 (Groundball, 4D, EV 87.5 MPH)
|
Batting: RHB Bill Lyons
|
0-0: Ball 1-0: Fly out, F3 (Popup, 3SF, EV 73.8 MPH)
|
Bottom of the 7th over - 0 runs, 0 hits, 0 errors, 0 left on base; San Antonio 12 - El Paso 1 |
TOP OF THE 8TH |
San Antonio Missions batting - Pitching for El Paso Chihuahuas : RHP Manuel Adams
|
Batting: RHB Amos Lewis
|
0-0: Ball 1-0: Swinging Strike 1-1: Ball 2-1: Ball 3-1: SINGLE (Line Drive, 34D, EV 99.4 MPH)
|
Pitching: RHP Gordon Gauntlett
|
|
Batting: LHB Jerold Johnston
|
0-0: Foul Ball, location: 2F 0-1: Ball 1-1: Ball 2-1: Called Strike 2-2: Ball 3-2: Fly out, F6 (Popup, 6D, EV 55.0 MPH)
|
Batting: RHB Ed Hearn
|
0-0: Fielders Choice at 2nd, 3-6 (Groundball, 3, EV 88.1 MPH)
|
Batting: LHB John D Morris
|
0-0: Ball 1-0: Fielders Choice at 2nd, 6-4 (Groundball, 56, EV 103.8 MPH)
|
Top of the 8th over - 0 runs, 1 hit, 0 errors, 1 left on base; San Antonio 12 - El Paso 1 |
BOTTOM OF THE 8TH |
El Paso Chihuahuas batting - Pitching for San Antonio Missions : RHP Gordon Crane
|
Batting: LHB Dan Murphy
|
0-0: Ball 1-0: Foul Ball, location: 2F 1-1: Foul Ball, location: 2F 1-2: Ball 2-2: Foul Ball, location: 2F 2-2: Foul Ball, location: 2F 2-2: Foul Ball, location: 2F 2-2: Foul Ball, location: 2F 2-2: Fly out, F9 (Flyball, 89D, EV 85.0 MPH)
|
Batting: RHB Leo George
|
0-0: Called Strike 0-1: Ground out 4-3 (Groundball, 4S, EV 85.6 MPH)
|
Batting: RHB William Parmenter
|
0-0: Ball 1-0: Foul Ball, location: 2F 1-1: Fly out, F9 (Flyball, 89M, EV 95.0 MPH)
|
Bottom of the 8th over - 0 runs, 0 hits, 0 errors, 0 left on base; San Antonio 12 - El Paso 1 |
TOP OF THE 9TH |
San Antonio Missions batting - Pitching for El Paso Chihuahuas : RHP Gordon Gauntlett
|
Batting: RHB Larry Hamilton
|
0-0: Called Strike 0-1: Ball 1-1: Ball 2-1: Ball 3-1: Called Strike 3-2: Foul Ball, location: 2F 3-2: SOLO HOME RUN (Flyball, 9D, EV 106.9 MPH), Distance : 379 ft
|
Batting: RHB Nerio Guerrero
|
0-0: Foul Ball, location: 2F 0-1: Swinging Strike 0-2: Fly out, F9 (Flyball, 9LS, EV 80.6 MPH)
|
Batting: RHB Leo Hernandez
|
0-0: Fly out, F9 (Flyball, 9LM, EV 86.9 MPH)
|
Batting: RHB Houston Jimenez
|
0-0: Ball 1-0: Ball 2-0: Called Strike 2-1: Foul Ball, location: 2F 2-2: Fly out, F9 (Line Drive, 9, EV 86.9 MPH)
|
Top of the 9th over - 1 run, 1 hit, 0 errors, 0 left on base; San Antonio 13 - El Paso 1 |
BOTTOM OF THE 9TH |
El Paso Chihuahuas batting - Pitching for San Antonio Missions : RHP Gordon Crane
|
Batting: LHB Andy Van Slyke
|
0-0: Ball 1-0: Called Strike 1-1: Ball 2-1: Foul Ball, location: 2F 2-2: Ground out 5-3 (Groundball, 5, EV 77.5 MPH)
|
Batting: RHB Julio Acevedo
|
0-0: Swinging Strike 0-1: Ball 1-1: Fly out, F8 (Flyball, 8LS, EV 85.6 MPH)
|
Batting: RHB Jesse Vann
|
0-0: Swinging Strike 0-1: Ball 1-1: Swinging Strike 1-2: Strikes out swinging
|
Bottom of the 9th over - 0 runs, 0 hits, 0 errors, 0 left on base; San Antonio 13 - El Paso 1 |
|